 Dungeon Crawl Stone Soup version 0.26-a0-602-gd42a14c23b (webtiles) character file.

Game seed: 3906565619186424602

7462 Conn the Magician (level 11, -1/72 HPs)
             Began as an Octopode Hedge Wizard on Aug 28, 2020.
             Was a Follower of Sif Muna.
             Hit by a large rock thrown by a cyclops (39 damage)
             ... on level 2 of the Orcish Mines on Aug 30, 2020.
             The game lasted 00:55:26 (16670 turns).

Conn the Magician (Octopode Hedge Wizard)          Turns: 16670, Time: 00:55:26

Health: -1/72      AC:  3    Str: 11    XL:     11   Next: 15%
Magic:  31/31      EV: 15    Int: 19    God:    Sif Muna [*.....]
Gold:   23         SH:  6    Dex: 15    Spells: 4/25 levels left

rFire    + + +     SeeInvis .   b - +4 flail of the New World {vorpal, rPois MP+9 Dex+4 Stlth+}
rCold    + . .     Faith    .   s - +1 buckler
rNeg     . . .     Spirit   .   I - +2 hat
rPois    +         Reflect  .   p - amulet of magic regeneration
rElec    +         Harm     .   g - ring of protection from fire
rCorr    +                      m - ring of protection from cold
MR       .....                  n - ring of fire
Stlth    +++++.....             y - ring of wizardry
HPRegen  0.22/turn              (no ring)
MPRegen  0.47/turn              (no ring)
                                (no ring)
                                (no ring)

@: mighty, brilliant, resistant, stab, very slightly contaminated
A: almost no armour, stealthy swim, amphibious, 8 rings, constrict 8, camouflage
1, gelatinous body 1
a: Channel Magic, Renounce Religion


You were on level 2 of the Orcish Mines.
You worshipped Sif Muna.
Sif Muna was aware of your devotion.
You visited 3 branches of the dungeon, and saw 13 of its levels.

You collected 653 gold pieces.
You spent 630 gold pieces at shops.

Inventory:

Hand Weapons
 a - a +2 dagger of protection
 b - the +4 flail of the New World (weapon) {vorpal, rPois MP+9 Dex+4 Stlth+}
   (You found it on level 6 of the Dungeon)

   It inflicts extra damage upon your enemies.
   It affects your dexterity (+4).
   It protects you from poison.
   It affects your magic capacity (+9).
   It makes you more stealthy.
 i - a +1 dagger of venom
 F - the +4 flail "Beastslayer" {venom, +Rage rElec Dex+2 SInv}
   (You found it on level 8 of the Dungeon)

   It poisons the flesh of those it strikes.
   It affects your dexterity (+2).
   It insulates you from electricity.
   It lets you see invisible.
   It lets you go berserk.
 J - a +2 dagger of speed
Missiles
 u - 23 poisoned darts (quivered)
Armour
 d - a +2 tower shield
 s - a +1 buckler (worn)
 I - a +2 hat (worn)
Jewellery
 g - a ring of protection from fire (left tentacle)
 m - a ring of protection from cold (right tentacle)
 n - a ring of fire (on tentacle)
 p - an amulet of magic regeneration (around mantle)
 y - a ring of wizardry (on tentacle)
 P - an uncursed amulet of regeneration
 Q - an uncursed amulet of the acrobat
Wands
 B - a wand of random effects (37)
 K - a wand of enslavement (3)
 M - a wand of iceblast (5)
 N - a wand of acid (3)
Scrolls
 e - 3 scrolls of amnesia
 f - 11 scrolls of identify
 h - 2 scrolls of enchant armour
 j - a scroll of fog
 k - 7 scrolls of teleportation
 o - 5 scrolls of blinking
 q - 2 scrolls of enchant weapon
 r - 2 scrolls of remove curse
 w - 2 scrolls of fear
Potions
 l - 2 potions of heal wounds
 t - 2 potions of cancellation
 A - a potion of curing
 C - 6 potions of haste


   Skills:
 + Level 5.4 Fighting
 + Level 3.4 Short Blades
 + Level 3.6 Maces & Flails
 + Level 0.1 Throwing
 + Level 4.4 Dodging
 + Level 6.0 Stealth
 - Level 5.5 Shields
 * Level 7.6 Spellcasting
 * Level 6.3 Conjurations
 + Level 2.2 Summonings
 + Level 2.0 Translocations
 + Level 4.3 Fire Magic
 + Level 3.7 Air Magic
 + Level 4.8 Poison Magic
 + Level 0.1 Evocations


You had 4 spell levels left.
You knew the following spells:

 Your Spells              Type           Power        Failure   Level
a - Magic Dart            Conj           ####         1%          1
b - Blink                 Tloc           N/A          2%          2
c - Call Imp              Summ           ###.....     2%          2
d - Conjure Flame         Conj/Fire      ######..     1%          3
e - Mephitic Cloud        Conj/Pois/Air  #####...     1%          3
f - Iskenderun's Battles  Conj           #####...     8%          5
g - Bolt of Magma         Conj/Fire/Erth #####.....   24%         5

Your spell library contained the following spells:

 Spells                   Type           Power        Failure   Level
 Apportation              Tloc           ###...       1%          1
 Summon Small Mammal      Summ           ###.         1%          1
 Dazzling Flash           Conj/Hex       ####..       3%          3
 Animate Skeleton         Necr           ##....       4%          1
 Corona                   Hex            ##.....      4%          1
 Ensorcelled Hibernation  Hex/Ice        ##....       6%          2
 Slow                     Hex            ##......     6%          2
 Confusing Touch          Hex            ##......     12%         3
 Tukima's Dance           Hex            ##......     12%         3
 Iron Shot                Conj/Erth      ####......   80%         6
 Orb of Destruction       Conj           #####.....   90%         7
 Spellforged Servitor     Conj/Summ      #####.....   99%         7


Dungeon Overview and Level Annotations

Branches:
Dungeon (10/15)            Temple (1/1) D:6             Orc (2/2) D:9
   Lair: D:8-11         Elf: Orc:2

Altars:
Ashenzari
Cheibriados
Dithmenos
Elyvilon
Fedhas
Gozag
Hepliaklqana
Kikubaaqudgha
Makhleb
Nemelex Xobeh
Okawaru
Qazlal
Ru
Sif Muna
Trog
Uskayaw
Vehumet
Wu Jian
Xom
Yredelemnul
Zin
The Shining One

Shops:
D:8 :


Innate Abilities, Weirdness & Mutations

You cannot wear most types of armour.
You are very stealthy in the water. (Stealth+)
You are amphibious.
You can wear up to eight rings at the same time.
You can use your tentacles to constrict eight enemies at once.
Your skin changes colour to match your surroundings (Stealth+).
Your rubbery body absorbs attacks. (AC +1, EV +1)


Message History

You barely miss the orc wizard. You grab the orc wizard.
You constrict the orc wizard.
The orc wizard hits you but does no damage.
You block the orc's attack. The orc hits you but does no damage.
You block the orc wizard's attack.
Your orc warrior hits you with a +0 short sword!
Your orc warrior hits itself with a +0 short sword!
Your orc warrior barely misses itself.
The orc hits you with a +0 short sword. The orc priest misses you.
The orc completely misses you.
You hit the orc priest. You grab the orc priest. You squeeze the orc priest!
You kill the orc priest!
Sif Muna accepts your kill.
You constrict the orc wizard.
The orc wizard hits you with a +0 dagger.
The orc hits your orc warrior but does no damage.
The orc closely misses you. You block the orc's attack.
The orc wizard hits you with a +0 dagger.
The cyclops throws a large rock.
The large rock hits you!!!
Ouch! That really hurt!
You die...

#.. ##.. ...
##..## ##....##
##.#....##
#....oo..#
#....o@o#
#.....)ooo.....
##.....).....#.
#..oC.........
...............
##.....#...o...
....... .......
.....## .......


You could see a cyclops, 2 orc wizards, 6 orcs and a friendly orc warrior
(charmed, confused).

Vanquished Creatures
  A two-headed ogre (D:10)
  An orc high priest (Orc:2)
  Maggie (D:8)
  A troll (D:9)
  2 hippogriffs (D:9)
  A wyvern (D:9)
  5 yaks (D:9)
  A wraith (Orc:1)
  A soldier ant (D:10)
  A water moccasin (D:8)
  Duvessa (D:7)
  3 orc warriors
  3 ice beasts
  A sky beast (D:6)
  A phantom (D:6)
  8 ogres
  A crocodile (D:9)
  5 centaurs
  4 bullfrogs
  A gnoll sergeant (D:8)
  Dowan (D:7)
  2 scorpions
  A water moccasin zombie (D:7)
  4 killer bees (D:7)
  6 wights
  A howler monkey (D:8)
  A quasit (D:3)
  A bullfrog zombie (D:5)
  10 orc priests
  A bullfrog skeleton (D:8)
  2 hounds
  2 jellies
  A centaur skeleton (D:10)
  3 iguanas
  8 orc wizards
  10 worker ants
  2 hound zombies
  A hound skeleton (D:8)
  A howler monkey zombie (D:8)
  4 gnolls
  6 adders
  A river rat (D:4)
  2 shadow imps
  2 white imps
  3 oozes
  2 adder zombies
  2 worms
  A dart slug (D:1)
  4 leopard geckos
  46 orcs
  3 ball pythons (D:4)
  6 giant cockroaches
  7 goblins
  4 hobgoblins
  10 jackals
  4 quokkas
  11 bats
  4 frilled lizards
  10 kobolds
  2 leopard gecko skeletons
  A quokka skeleton (D:4)
  A quokka zombie (D:9)
  12 rats
249 creatures vanquished.

Vanquished Creatures (collateral kills)
  An ogre (D:6)
  2 wights (D:6)
  3 orc priests
  3 gnolls (D:6)
  A white imp (D:5)
  3 orcs
13 creatures vanquished.

Vanquished Creatures (others)
  An orc wizard (Orc:2)
  An orc priest (Orc:2)
  An orc (D:4)
  A quokka skeleton (D:8)
  A bush (D:10)
5 creatures vanquished.

Grand Total: 267 creatures vanquished

Notes
Turn   | Place    | Note
-------+----------+-------------------------------------------
     0 | D:1      | Conn the Octopode Hedge Wizard began the quest for the Orb.
     0 | D:1      | Reached XP level 1. HP: 11/11 MP: 4/4
   309 | D:1      | Reached XP level 2. HP: 15/17 MP: 6/6
   314 | D:1      | Learned a level 2 spell: Blink
   317 | D:1      | Learned a level 2 spell: Call Imp
  1151 | D:1      | Reached XP level 3. HP: 21/21 MP: 4/8
  1235 | D:1      | Learned a level 3 spell: Conjure Flame
  1813 | D:2      | Reached XP level 4. HP: 18/27 MP: 9/9
  2471 | D:2      | Found a glowing silver altar of Zin.
  2980 | D:3      | Reached skill level 1 in Fighting
  3063 | D:3      | Reached XP level 5. HP: 15/35 MP: 10/10
  4123 | D:4      | Reached skill level 1 in Shields
  4184 | D:4      | Reached XP level 6. HP: 41/41 MP: 9/11
  4388 | D:4      | Reached skill level 4 in Spellcasting
  4517 | D:4      | Reached skill level 1 in Short Blades
  5274 | D:4      | Reached XP level 7. HP: 24/46 MP: 13/13
  5830 | D:5      | Entered Level 5 of the Dungeon
  6041 | D:5      | Upgraded the game from 0.26-a0-598-g61e6210cf4 to
                  | 0.26-a0-602-gd42a14c23b
  6797 | D:6      | Reached XP level 8. HP: 50/52 MP: 11/15
  6876 | D:6      | Found a sacrificial altar of Ru.
  7249 | D:6      | Found a staircase to the Ecumenical Temple.
  7257 | Temple   | Entered the Ecumenical Temple
  7813 | D:6      | Reached skill level 1 in Fire Magic
  8053 | D:6      | Found a stormy altar of Qazlal.
  8145 | D:6      | HP: 2/52 [something (11)]
  8466 | D:5      | Learned a level 3 spell: Mephitic Cloud
  8533 | D:6      | Reached skill level 5 in Spellcasting
  8708 | D:6      | Reached skill level 1 in Poison Magic
  9319 | D:6      | Reached skill level 1 in Air Magic
  9872 | D:6      | Reached skill level 6 in Spellcasting
  9872 | D:6      | Reached XP level 9. HP: 58/58 MP: 9/18
 10210 | D:6      | Got a slimy flail
 10211 | D:6      | Identified the +4 flail of the New World {vorpal, rPois
                  | MP+9 Dex+4 Stlth+} (You found it on level 6 of the Dungeon)
 10556 | D:7      | Found an ornate altar of the Wu Jian Council.
 10803 | D:7      | Found a hazy altar of Hepliaklqana.
 10813 | D:7      | Found a sparkling altar of Nemelex Xobeh.
 10814 | D:7      | Found a shimmering altar of Xom.
 10814 | D:7      | Found a burning altar of Makhleb.
 10816 | D:7      | Found a shadowy altar of Dithmenos.
 10817 | D:7      | Found an ancient bone altar of Kikubaaqudgha.
 10817 | D:7      | Found a hide-covered altar of Uskayaw.
 10939 | D:7      | Noticed Duvessa
 10973 | D:7      | Killed Duvessa
 10973 | D:7      | Noticed Dowan
 10981 | D:7      | Killed Dowan
 11074 | D:7      | Reached skill level 1 in Maces & Flails
 11675 | D:8      | Got a translucent flail
 11708 | D:8      | Noticed Maggie
 11710 | D:8      | Found Cena's Book Shop.
 11720 | D:8      | Killed Maggie
 11720 | D:8      | Reached skill level 5 in Stealth
 11720 | D:8      | Reached XP level 10. HP: 12/65 MP: 20/20
 12085 | D:8      | Found a white marble altar of Elyvilon.
 12202 | D:8      | Reached skill level 5 in Conjurations
 12789 | D:9      | Identified the +4 flail "Beastslayer" {venom, +Rage rElec
                  | Dex+2 SInv} (You found it on level 8 of the Dungeon)
 12912 | D:9      | Reached skill level 5 in Shields
 13873 | D:9      | Reached skill level 5 in Fighting
 13873 | D:9      | Reached skill level 7 in Spellcasting
 13937 | D:9      | Found a shimmering blue altar of Sif Muna.
 13947 | D:9      | Became a worshipper of Sif Muna the Loreminder
 14533 | D:9      | Found a staircase to the Orcish Mines.
 14636 | D:10     | Entered Level 10 of the Dungeon
 15182 | D:10     | Reached * piety under Sif Muna
 15665 | D:10     | Noticed a two-headed ogre
 15678 | D:10     | Killed a two-headed ogre
 16080 | Orc:1    | Entered Level 1 of the Orcish Mines
 16162 | D:8      | Bought a book of Power for 630 gold pieces
 16229 | Orc:1    | Learned a level 5 spell: Iskenderun's Battlesphere
 16235 | Orc:1    | Learned a level 5 spell: Bolt of Magma
 16330 | Orc:2    | Entered Level 2 of the Orcish Mines
 16340 | Orc:2    | Reached XP level 11. HP: 50/72 MP: 21/21
 16340 | Orc:2    | Noticed an orc high priest
 16660 | Orc:2    | Noticed a sixfirhy
 16664 | Orc:2    | Noticed a cyclops
 16665 | Orc:2    | Killed an orc high priest
 16670 | Orc:2    | Hit by a large rock thrown by a cyclops

Illustrated notes

Levels and vault maps discovered:
D:1:      eino_arrival_cavern_b, layout_basic, minmay_hexomino_p4
D:2:      layout_loops_ring, marbit_many_paths
D:3:      layout_loops_corners, minmay_misc_feat_chi
D:4:      layout_basic, portal_sewer_entry_e
D:5:      layout_rooms
D:6:      layout_layer_cave, lemuel_round_altar, grunt_qazlal_clouds,
          minmay_temple_entry_wispy
D:7:      layout_loops_ring, kennysheep_mini, lemuel_round_altar,
          grunt_temple_overflow_open, grunt_ministairs_12, uniq_duvessa
D:8:      layout_cave_pools, elyvilon_altar_4, serial_shops, shop_statue,
          palyth_stone_intersect, uniq_maggie
D:9:      layout_cave_pools, lemuel_coloured_pillars_altar, hiddenorc1_lemuel
D:10:     layout_roguey, minmay_hedge_maze, feat_on_display
Temple:   jpeg_temple_island
Orc:1:    layout_caves, serial_shops, mines1_david
Orc:2:    st_orc_elflike, layout_diamond_mine, basic_altar, uniq_josephine

Skill      XL: |  1  2  3  4  5  6  7  8  9 10 11 |
---------------+----------------------------------+-----
Stealth        | 3 4 5 6 |  6.0
Fighting       | 2 3 4 5 |  5.4
Conjurations   | 2 3 4 6 |  6.3
Shields        | 1 2 3 4 5 |  5.5
Spellcasting   | 4 6 7 |  7.6
Short Blades   | 1 2 3 |  3.4
Dodging        | 3 4 |  4.4
Fire Magic     | 2 3 4 |  4.3
Poison Magic   | 2 3 4 |  4.8
Summonings     | 2 |  2.2
Air Magic      | 1 2 3 |  3.7
Maces & Flails | 2 3 |  3.6
Translocations | 2 |  2.0
Throwing       | |  0.1
Evocations     | |  0.1

Action                   |  1- 3 |  4- 6 |  7- 9 | 10-12 || total
-------------------------+-------+-------+-------+-------++-------
Melee: Dagger            |    57 |   110 |   169 |   128 ||   464
       Constrict         |    12 |    26 |    36 |    40 ||   114
       Tentacles         |     8 |    24 |    47 |    50 ||   129
       Flail             |       |       |    64 |   100 ||   164
Throw: Dart              |       |     2 |     3 |       ||     5
 Cast: Magic Dart        |    39 |    37 |   238 |    71 ||   385
       Call Imp          |       |     9 |    24 |       ||    33
       Conjure Flame     |       |       |    14 |       ||    14
       Blink             |       |       |     6 |     5 ||    11
       Mephitic Cloud    |       |       |    10 |    28 ||    38
       Iskenderun's Batt |       |       |       |     1 ||     1
Evoke: Wand              |       |       |       |     3 ||     3
  Use: Scroll            |       |     8 |     3 |     5 ||    16
       Potion            |       |     3 |     3 |     7 ||    13
 Stab: Sleeping          |     8 |     5 |     7 |     9 ||    29
       Confused          |       |       |     4 |    17 ||    21
Armor: Skin              |    11 |    11 |    18 |    32 ||    72
Dodge: Dodged            |    43 |    69 |   139 |   162 ||   413
Block: Buckler           |       |    18 |    64 |    75 ||   157

Table legend: (Time is in decaauts)
 A = Elapsed time spent in this place.
 B = Non-inter-level travel time spent in this place.
 C = Inter-level travel time spent in this place.
 D = Time resting spent in this place.
 E = Time spent auto-exploring this place.
 F = Levels seen in this place.
 G = Mean time per level.
                   A        B        C        D        E       F      G
               +--------+--------+--------+--------+--------+-----+--------+
         Total |  16639 |  16214 |    425 |   4905 |   7125 |  13 | 1279.9 |
       Dungeon |  15640 |  15250 |    390 |   4617 |   6589 |  10 | 1564.0 |
        Temple |    524 |    490 |     34 |      0 |    461 |   1 |  524.0 |
  Orcish Mines |    474 |    473 |      1 |    288 |     75 |   2 |  237.0 |
               +--------+--------+--------+--------+--------+-----+--------+

Top non-repeatable levels by time:
     D:6: 2506 daAuts
     D:9: 1753 daAuts
     D:4: 1710 daAuts
     D:3: 1655 daAuts
     D:8: 1503 daAuts
     D:2: 1360 daAuts
    D:10: 1357 daAuts
     D:5: 1348 daAuts
     D:1: 1294 daAuts
     D:7: 1151 daAuts
  Temple: 524 daAuts
   Orc:1: 444 daAuts
   Orc:2: 29 daAuts
